 Dungeon Crawl Stone Soup version 0.31-a0-177-g4aa6249778 (webtiles) character file.

Game seed: 2767244059799999495

109 Hajna the Chiller (level 4, -2/35 HPs)
             Began as a Ghoul Ice Elementalist on June 19, 2023.
             Slain by a gnoll
             ... wielding a +0 halberd
              (9 damage)
             ... on level 3 of the Dungeon.
             The game lasted 00:07:38 (1543 turns).

Hajna the Chiller (Ghoul Ice Elementalist)          Turns: 1543, Time: 00:07:38

Health: -2/35      AC:  9    Str: 13    XL:     4   Next: 90%
Magic:  0/6        EV: 10    Int: 10    God:
Gold:   62         SH:  0    Dex:  9    Spells: 3/7 levels left

rFire   . . .        e - staff of cold
rCold   + + .        (no shield)
rNeg    + + +        g - +0 ring mail
rPois   ∞            (no helmet)
rElec   .            f - +0 cloak
rCorr   .            (no gloves)
SInv    .            (no boots)
Will    .....        (no amulet)
Stlth   +            (no ring)
HPRegen 0.00/turn    (no ring)
MPRegen 0.10/turn

%: no passive effects
@: ice-armoured, inhibited regen
A: claws 1, cold resistance 1, negative energy resistance 3, inhibited
regeneration, torment resistance 2, devour on kill
a: no special abilities


You were on level 3 of the Dungeon.
You visited 1 branch of the dungeon, and saw 4 of its levels.

You collected 62 gold pieces.

Inventory:

Armour
 a - a +0 robe
 f - a +0 cloak (worn)
 g - a +0 ring mail (worn)
Magical Staves
 e - a staff of cold (weapon)
Wands
 m - a wand of flame (17)
Scrolls
 h - a scroll of vulnerability
 i - a scroll of silence {unknown}
 j - a scroll of teleportation
 l - a scroll of torment {unknown}
Potions
 b - a potion of magic
 c - 2 potions of mutation
 d - a potion of lignification
 k - a potion of curing


   Skills:
 * Level 1.5 Fighting
 * Level 0.8 Staves
 + Level 0.6 Armour
 + Level 2.0 Dodging
 + Level 2.3 Stealth
 + Level 1.6 Unarmed Combat
 + Level 2.3 Spellcasting
 + Level 5.1 Ice Magic


You had 3 spell levels left.
You knew the following spells:

 Your Spells              Type           Power      Damage    Failure   Level
a - Freeze                Ice            68%        1d8       8%          1
b - Ozocubu's Armour      Ice            17%        N/A       24%         3

Your spell library contained the following spells:

 Spells                   Type           Power      Damage    Failure   Level
 Frozen Ramparts          Ice            34%        1d6       24%         3
 Summon Ice Beast         Ice/Summ       9%         N/A       92%         4
 Metabolic Englaciation   Hex/Ice        4%         N/A       99%         5
 Simulacrum               Ice/Necr       4%         N/A       100%        6


Dungeon Overview and Level Annotations

Branches:
Dungeon (4/15)
 Temple: D:4-7

Altars:

Shops:
D:2 !


Innate Abilities, Weirdness & Mutations

You are immune to poison.
You have sharp fingernails.
Your flesh is cold resistant. (rC+)
You are immune to negative energy. (rN+++)
You do not regenerate when monsters are visible.
You are immune to unholy pain and torment.
You thrive by killing the living.


Message History

You feel better. The gnoll barely misses you.
The gnoll hits you with a +0 whip.
You are too injured to fight recklessly!
The gnoll hits you with a +0 whip.
* * * LOW HITPOINT WARNING * * *
Aiming: Freeze (safe; 9% risk of failure)
Press: ? - help, Q - select action, (/) - cycle Shift-Dir - straight line, f/p - gnoll
Aim: a gnoll, wielding a +0 whip (almost dead)
You feel a surge of power!
You freeze the gnoll.
You kill the gnoll!
Aiming: Freeze (safe; 8% risk of failure)
Press: ? - help, Q - select action, (/) - cycle Shift-Dir - straight line, f - adder
Aim: an adder You feel a surge of power!
You freeze the adder.
The adder is moderately wounded.
The adder barely misses you. The adder completely misses you.
The gnoll completely misses you.
Aiming: Freeze (safe; 8% risk of failure)
Press: ? - help, Q - select action, (/) - cycle Shift-Dir - straight line, f/p - adder
Aim: an adder (moderately wounded)
You feel a surge of power!
You freeze the adder!
You kill the adder!
You feel better. The gnoll barely misses you.
You hit the gnoll.
The gnoll is lightly wounded.
The gnoll hits you from afar with a +0 halberd.
You hit the gnoll but do no damage. Your claw misses the gnoll.
The gnoll barely misses you. The gnoll completely misses you.
Found a falchion.
The gnoll hits you with a +0 whip.
* * * LOW HITPOINT WARNING * * *
The gnoll barely misses you. The gnoll hits you with a +0 whip.
* * * LOW HITPOINT WARNING * * *
Casting: Freeze (safe; 8% risk of failure)
Confirm with . or Enter, or press ? or * to list all spells.
The spell is quite dangerous to miscast (24% risk of failure)!
Continue anyway?
You feel a surge of power! A film of ice covers your body!
The gnoll barely misses you. The gnoll misses you.
You completely miss the gnoll. The gnoll hits you with a +0 halberd!
You die...

.... ....<......
.......[..# ..........#
##)#........##.#
#..#.(..........
###.###...../=....
###@................
#.gg##..?...........
..####.######............
#..........gg............
....###..S................
.. #.................)..
....#.(......#....#.#.#
##........[.....#...#.#
#..#....#.....##)###.#


You could see 2 gnolls.

Vanquished Creatures
  Ijyb (D:3)
  A gnoll (D:3)
  4 adders
  A dart slug (D:1)
  A ball python (D:1)
  2 endoplasms (D:1)
  5 goblins
  5 hobgoblins
  5 jackals (D:1)
  2 kobolds (D:1)
  5 bats
  3 rats (D:1)
35 creatures vanquished.

Notes
Turn   | Place    | Note
-------+----------+-------------------------------------------
     0 | D:1      | Hajna the Ghoul Ice Elementalist began the quest for the
                  | Orb.
     0 | D:1      | Reached XP level 1. HP: 14/14 MP: 2/2
   299 | D:1      | Reached XP level 2. HP: 19/20 MP: 3/3
   674 | D:1      | Reached skill level 1 in Unarmed Combat
   864 | D:1      | Reached XP level 3. HP: 26/27 MP: 0/4
  1092 | D:2      | Reached skill level 1 in Fighting
  1142 | D:2      | Found Agufrud's Distillery.
  1216 | D:2      | Identified a scroll of acquirement
  1217 | D:2      | Acquired a staff of cold
  1239 | D:2      | Reached XP level 4. HP: 34/35 MP: 2/6
  1243 | D:2      | Learned a level 3 spell: Ozocubu's Armour
  1348 | D:2      | You fall into a shaft and drop 2 floors!
  1391 | D:3      | Noticed Ijyb
  1402 | D:3      | Killed Ijyb
  1403 | D:3      | Reached skill level 5 in Ice Magic
  1513 | D:3      | Found the +2 shield of Resistance {rF++ rC++ Will++}
  1543 | D:3      | Slain by a gnoll

Illustrated notes

Levels and vault maps discovered:
D:1:      tarquinn_simple_flora_water_c, layout_loops_corners, hex_tiny
D:2:      layout_basic, basic_ecumenical_altar, serial_shops, shop,
          nrook_mini_backslash, patterned_corridor
D:3:      layout_rooms, uniq_ijyb, uniq_terence
D:4:      layout_cave_pools, grunt_temple_overflow_open,
          minmay_temple_entry_nine_rooms, minmay_strange_pillars, uniq_sigmund

Skill      XL: |  1  2  3  4 |
---------------+-------------+-----
Unarmed Combat | 1 |  1.6
Fighting       | 1 |  1.5
Spellcasting   | 2 |  2.3
Ice Magic      | 5 |  5.1
Dodging        | 2 |  2.0
Staves         | |  0.8
Armour         | |  0.6
Stealth        | |  2.3

Action                     |  1- 3 |  4- 6 || total
---------------------------+-------+-------++-------
  Melee: Unarmed           |    78 |       ||    78
         Punch             |     1 |     1 ||     2
         Staff             |     7 |    30 ||    37
   Cast: Freeze            |    20 |    12 ||    32
         Ozocubu's Armour  |       |     2 ||     2
    Use: Scroll            |     7 |       ||     7
         Potion            |       |     1 ||     1
   Stab: Sleeping          |     2 |       ||     2
 Armour: Ring mail         |    32 |    20 ||    52
  Dodge: Dodged            |    60 |    44 ||   104

Table legend: (Time is in decaauts)
 A = Elapsed time spent in this place.
 B = Non-inter-level travel time spent in this place.
 C = Inter-level travel time spent in this place.
 D = Time resting spent in this place.
 E = Time spent auto-exploring this place.
 F = Levels seen in this place.
 G = Mean time per level.
                   A        B        C        D        E       F      G
               +--------+--------+--------+--------+--------+-----+--------+
         Total |   1548 |   1489 |     59 |      0 |   1160 |   4 |  387.0 |
       Dungeon |   1548 |   1489 |     59 |      0 |   1160 |   4 |  387.0 |
               +--------+--------+--------+--------+--------+-----+--------+

Top non-repeatable levels by time:
     D:1: 1066 daAuts
     D:2: 282 daAuts
     D:3: 156 daAuts
     D:4: 42 daAuts
